 Dungeon Crawl Stone Soup version 0.32-a0-834-geaf45d8e21 (webtiles) character file.

Game seed: 10956434730328957662

203 pokeman the Magician (level 5, 0/29 HPs)
             Began as a Deep Elf Hedge Wizard on Mar 25, 2024.
             Succumbed to a scorpion's poison
             ... on level 4 of the Dungeon.
             The game lasted 00:09:35 (4415 turns).

pokeman the Magician (Deep Elf Hedge Wizard)        Turns: 4415, Time: 00:09:36

Health: 0/29       AC:  4    Str:  7    XL:     5   Next: 51%
Magic:  7/15       EV: 11    Int: 25    God:
Gold:   155        SH:  0    Dex: 11    Spells: 8/16 levels left

rFire   . . .        o - +3 war axe of Compound Interest {holy, rCorr Int+4 Dex-3}
rCold   . . .        (no shield)
rNeg    . . .        b - +0 robe
rPois   .            c - +0 hat
rElec   .            (no cloak)
rCorr   +            f - +0 pair of gloves
SInv    .            t - +0 pair of boots
Will    .....        q - amulet of the acrobat
Stlth   ++           (no ring)
HPRegen 0.24/turn    (no ring)
MPRegen 0.14/turn

%: acrobat
@: brilliant, lethally poisoned (0 -> -18), very slightly contaminated
A: no striking features
a: no special abilities


You were on level 4 of the Dungeon.
You visited 1 branch of the dungeon, and saw 4 of its levels.

You collected 155 gold pieces.

Inventory:

Hand Weapons
 o - the +3 war axe of Compound Interest (weapon) {holy, rCorr Int+4 Dex-3}
   (You found it on level 2 of the Dungeon)

   Int+4:     It affects your intelligence (+4).
   Dex-3:     It affects your dexterity (-3).
   rCorr:     It protects you from acid and corrosion.
Armour
 b - a +0 robe (worn)
 c - a +0 hat (worn)
 f - a +0 pair of gloves (worn)
 t - a +0 pair of boots (worn)
Jewellery
 q - an amulet of the acrobat (around neck)
Scrolls
 e - 2 scrolls of teleportation {unknown}
 g - 5 scrolls of identify {unknown}
 h - a scroll of fear {unknown}
 p - 2 scrolls of poison {unknown}
 r - a scroll of enchant armour {unknown}
 s - a scroll of torment {unknown}
Potions
 d - a potion of magic
 i - a potion of cancellation {unknown}
 j - 2 potions of mutation {unknown}
 k - 2 potions of heal wounds {unknown}
 l - a potion of might {unknown}
 m - a potion of enlightenment {unknown}
 n - 3 potions of curing {unknown}
 u - a potion of attraction {unknown}


   Skills:
 - Level 1.0 Fighting
 - Level 1.1 Armour
 - Level 3.0 Dodging
 - Level 3.0 Stealth
 * Level 6.4 Spellcasting
 + Level 2.8 Conjurations
 - Level 1.1 Summonings
 - Level 1.1 Translocations
 + Level 0.6 Air Magic
 + Level 0.1 Alchemy


You had 8 spell levels left.
You knew the following spells:

 Your Spells              Type           Power      Damage    Failure   Level
a - Magic Dart            Conj           100%       1d8       2%          1
b - Mephitic Cloud        Conj/Alch/Air  20%        N/A       13%         3
c - Call Imp              Summ           40%        N/A       7%          2
d - Blink                 Tloc           40%        N/A       7%          2

Your spell library contained the following spells:

 Spells                   Type           Power      Damage    Failure   Level
 Slow                     Hex            48%        N/A       7%          1
 Cigotuvi's Dreadful Rot  Necr/Alch/Air  26%        N/A       10%         2
 Ensorcelled Hibernation  Hex/Ice        24%        N/A       11%         2
 Swiftness                Air            16%        N/A       17%         3
 Fugue of the Fallen      Necr           12%        N/A       22%         3
 Passwall                 Erth           12%        N/A       22%         3
 Martyr's Knell           Necr/Summ      16%        N/A       50%         4
 Anguish                  Hex/Necr       6%         N/A       56%         4
 Dispel Undead            Necr           12%        3d9       56%         4


Dungeon Overview and Level Annotations

Branches:
Dungeon (4/15)
 Temple: D:4-7

Altars:
Kikubaaqudgha

Shops:
D:1 (


Message History

The stinking cloud engulfs you.
The stinking cloud engulfs the kobold.
The kobold is heavily wounded.
You hear a shout!
The scorpion is engulfed in noxious fumes.
The scorpion stings you.
The kobold is engulfed in noxious fumes.
The kobold appears confused.
Unknown command.
Unknown command.
You hit the scorpion.
The scorpion is moderately wounded.
The scorpion is engulfed in noxious fumes.
The scorpion stings you.
You are poisoned.
The scorpion poisons you!
The kobold is engulfed in noxious fumes.
The kobold appears confused.
The kobold hits the scorpion but does no damage.
The kobold hits itself with a +0 dagger.
The kobold is killed!
The scorpion is engulfed in noxious fumes.
The scorpion appears confused.
The scorpion stings you.
You are lethally poisoned!
The scorpion poisons you!
The scorpion stings itself.
You catch the helpless scorpion completely off-guard!
You hit the scorpion.
The scorpion is heavily wounded.
You feel extremely sick.
The scorpion is engulfed in noxious fumes.
The scorpion appears confused.
The scorpion stings you.
You are more poisoned.
The scorpion poisons you!
Unknown command.
* * * LOW HITPOINT WARNING * * *
You feel very sick.
The scorpion is engulfed in noxious fumes.
The scorpion appears confused.
It was a potion of brilliance.
You feel clever all of a sudden.
You die...

####(........#......##..#
.............†...##......
#.##...##.#.####.###..
####............# #......
#........##.###.# #....##
+............. .# ##.#.#.
#........####.... ..#.#.
#........# ##... ...).
#.......@# .#. ..#.
#......°s# ....
########§§...... .P
#☼☼...... . .K.$.....
....<#### ..)...# .>....#
.......#


You could see a scorpion (confused) and a kobold.

Vanquished Creatures
  A bombardier beetle (D:4)
  Robin (D:4)
  4 gnolls
  2 adders
  A dart slug (D:2)
  An orc (D:4)
  9 ball pythons
  4 endoplasms
  2 giant cockroaches
  7 hobgoblins
  4 jackals (D:3)
  8 kobolds
  A quokka (D:4)
  5 bats
  4 frilled lizards
  15 goblins
  8 rats
77 creatures vanquished.

Vanquished Creatures (collateral kills)
  Terence (D:2)
1 creature vanquished.

Grand Total: 78 creatures vanquished

Notes
Turn   | Place    | Note
-------+----------+-------------------------------------------
     0 | D:1      | pokeman the Deep Elf Hedge Wizard began the quest for the
                  | Orb.
     0 | D:1      | Reached XP level 1. HP: 10/10 MP: 7/7
   197 | D:1      | Reached XP level 2. HP: 15/16 MP: 0/9
   803 | D:1      | Reached skill level 5 in Spellcasting
   829 | D:1      | Found Qeuxtix's Weapon Shoppe.
  1135 | D:1      | Reached XP level 3. HP: 20/20 MP: 8/11
  1143 | D:1      | Learned a level 3 spell: Mephitic Cloud
  1146 | D:1      | Learned a level 2 spell: Call Imp
  1149 | D:1      | Learned a level 2 spell: Blink
  1285 | D:2      | Noticed Terence
  1398 | D:2      | Found an ancient bone altar of Kikubaaqudgha.
  1524 | D:2      | Killed Terence
  1525 | D:2      | Reached skill level 1 in Fighting
  1525 | D:2      | Reached skill level 1 in Armour
  1592 | D:2      | Identified the +3 war axe of Compound Interest {holy, rCorr
                  | Int+4 Dex-3}
  1647 | D:2      | Found a faded altar of an unknown god.
  1737 | D:2      | Reached XP level 4. HP: 25/25 MP: 11/13
  3861 | D:4      | Noticed Robin
  3868 | D:4      | Killed Robin
  4042 | D:4      | Reached skill level 6 in Spellcasting
  4042 | D:4      | Reached XP level 5. HP: 29/29 MP: 0/15
  4403 | D:4      | Upgraded the game from 0.32-a0-818-gb728d0252e to
                  | 0.32-a0-834-geaf45d8e21
  4415 | D:4      | Succumbed to a scorpion's poison

Illustrated notes

Levels and vault maps discovered:
D:1:      spicycebolla_arrival_xxxplode, layout_basic, serial_shops,
          nicolae_shop_tiny_waterfront, serial_forest,
          infiniplex_forest_clump_cross, infiniplex_forest_side_room,
          infiniplex_forest_clump_small, infiniplex_forest_clump_double,
          infiniplex_forest_clump_diagonal, infiniplex_forest_corner_2,
          nrook_uturn, minmay_misc_feat_pillars
D:2:      layout_basic, ebering_ecumenical_altar_mist, basic_altar, uniq_terence
D:3:      layout_basic
D:4:      layout_basic, fedhas_altar_1, minmay_temple_entry_waves, serial_shops,
          nicolae_shop_industrial_runoff, small_statue_alley_b,
          minmay_statues_item, corexii_shack, st_stairs_8, uniq_robin

Skill      XL: |  1  2  3  4  5 |
---------------+----------------+-----
Spellcasting   | 5 6 |  6.4
Fighting       | 1 |  1.0
Armour         | 1 |  1.1
Conjurations   | 2 |  2.8
Stealth        | 3 |  3.0
Dodging        | 3 |  3.0
Summonings     | |  1.1
Translocations | |  1.1
Air Magic      | |  0.6
Alchemy        | |  0.1

Action                     |  1- 3 |  4- 6 || total
---------------------------+-------+-------++-------
  Melee: Dagger            |    26 |       ||    26
         War axe           |       |    24 ||    24
   Cast: Magic Dart        |    66 |    82 ||   148
         Mephitic Cloud    |     2 |     3 ||     5
         Call Imp          |     2 |       ||     2
         Blink             |       |    33 ||    33
    Use: Potion            |       |     1 ||     1
   Stab: Confused          |     1 |     3 ||     4
 Armour: Robe              |    18 |    22 ||    40
  Dodge: Dodged            |    24 |    21 ||    45

Table legend: (Time is in decaauts)
 A = Elapsed time spent in this place.
 B = Non-inter-level travel time spent in this place.
 C = Inter-level travel time spent in this place.
 D = Time resting spent in this place.
 E = Time spent auto-exploring this place.
 F = Levels seen in this place.
 G = Mean time per level.
                   A        B        C        D        E       F      G
               +--------+--------+--------+--------+--------+-----+--------+
         Total |   4430 |   4277 |    153 |    360 |   3179 |   4 | 1107.5 |
       Dungeon |   4430 |   4277 |    153 |    360 |   3179 |   4 | 1107.5 |
               +--------+--------+--------+--------+--------+-----+--------+

Top non-repeatable levels by time:
     D:1: 1364 daAuts
     D:3: 1190 daAuts
     D:2: 1009 daAuts
     D:4: 866 daAuts
